 Dungeon Crawl Stone Soup version 0.22-a0-422-g9628fc8 (webtiles) character file.

56 Ontarya the Skirmisher (level 3, -2/24 HPs)
             Began as a Gargoyle Berserker on May 20, 2018.
             Was a Believer of Trog.
             Slain by an orc
             ... wielding a +0 falchion
              (6 damage)
             ... on level 2 of the Dungeon.
             The game lasted 00:05:24 (1334 turns).

Ontarya the Skirmisher (Gargoyle Berserker)         Turns: 1334, Time: 00:05:25

Health: -2/24      AC:  6    Str: 20    XL:     3   Next: 97%
Magic:  3/3        EV: 11    Int:  7    God:    Trog [**....]
Gold:   104        SH:  0    Dex: 10    Spells: 2/2 levels left

rFire    . . .     SeeInvis .   a - +0 mace
rCold    . . .     Gourm    .   (no shield)
rNeg     + . .     Faith    .   h - +0 leather armour
rPois    ∞         Spirit   .   (no helmet)
rElec    +         Reflect  .   (no cloak)
rCorr    .         Harm     .   (no gloves)
MR       .....                  (no boots)
Stlth    +.........             (no amulet)
HPRegen  0.08/turn              (no ring)
MPRegen  0.08/turn              (no ring)

@: no status effects
A: negative energy resistance 1, electricity resistance, unbreathing,
petrification resistance, rot immunity, AC +3
a: Berserk, Trog's Hand, Renounce Religion


You were on level 2 of the Dungeon.
You worshipped Trog.
Trog was pleased with you.
You were hungry.

You visited 1 branch of the dungeon, and saw 2 of its levels.

You collected 104 gold pieces.

Inventory:

Hand Weapons
 a - a +0 mace (weapon)
Armour
 h - a +0 leather armour (worn)
Scrolls
 d - 2 scrolls of teleportation {unknown}
 e - a scroll of remove curse {unknown}
 f - a scroll of amnesia {unknown}
 i - 2 scrolls of blinking {unknown}
 k - a scroll of immolation {unknown}
Potions
 b - 2 potions of agility {unknown}
 g - a potion of heal wounds {unknown}
 j - a potion of invisibility {unknown}
Comestibles
 c - 2 rations
 l - a chunk of flesh


   Skills:
 * Level 4.4 Fighting
 + Level 3.4 Maces & Flails
 + Level 2.9 Armour
 - Level 1.5 Dodging


You had 2 spell levels left.
You didn't know any spells.
Your spell library was empty.

Dungeon Overview and Level Annotations

Branches:
Dungeon (2/15)

Altars:
Okawaru


Innate Abilities, Weirdness & Mutations

You are resistant to torment.
Your stone body is resilient. (AC +3)
You are immune to poison.
You resist negative energy. (rN+)
You are resistant to electric shocks. (rElec)
You can survive without breathing.
You are immune to petrification.
You are immune to rotting.


Message History

The orc hits you but does no damage. The bat hits you but does no damage.
The rat twitches its whiskers.
You hit the orc.
You kill the orc!
Trog accepts your kill.
The bat barely misses you. x2; The orc hits you but does no damage.
The bat misses you.
You barely miss the orc. The bat hits you. The orc misses you.
The orc hits you but does no damage.
You hit the orc.
The orc is severely wounded.
The bat hits you but does no damage. The bat closely misses you.
The bat completely misses you. The orc hits you with a trident.
* * * LOW HITPOINT WARNING * * *
The orc hits you but does no damage. The bat completely misses you.
You barely miss the orc.
The orc is severely wounded.
The bat hits you but does no damage. The orc hits you but does no damage.
The orc hits you with a falchion.
You die...

#o.# #..# #..# #..#
#..# ###..####
#r......# ###og.#.#.#
#b@o#.._..#####
#.###.#.#......#
######.###.((..####.#
#.......)............
#.####.######....##.#
...#.........#
#####.####....# #.#
###.## #.# .#


You could see 2 orcs, a goblin, a bat and a rat.

Vanquished Creatures
  An adder (D:2)
  A worm (D:2)
  A dart slug (D:1)
  3 leopard geckos (D:1)
  3 orcs (D:2)
  2 giant cockroaches
  4 hobgoblins (D:1)
  7 bats
  6 frilled lizards
  3 goblins
  3 kobolds
  4 rats
38 creatures vanquished.

Notes
Turn   | Place    | Note
-------+----------+-------------------------------------------
     0 | D:1      | Ontarya the Gargoyle Berserker began the quest for the Orb.
     0 | D:1      | Reached XP level 1. HP: 14/14 MP: 1/1
   233 | D:1      | Reached XP level 2. HP: 18/19 MP: 2/2
   824 | D:1      | Reached skill level 4 in Fighting
   824 | D:1      | Reached XP level 3. HP: 22/24 MP: 3/3
  1236 | D:2      | Found an iron altar of Okawaru.
  1248 | D:2      | Reached ** piety under Trog
  1334 | D:2      | Slain by an orc

Vault maps used:
D:1:      lightli_arrival_flooded_house
D:2:      okawaru_metal_pillars_1_2, grunt_temple_overflow_open, minivault_19,
          grunt_ministairs_1

Skill      XL: |  1  2 |
---------------+-------+-----
Fighting       | 4 |  4.4
Maces & Flails | |  3.4
Armour         | |  2.9
Dodging        | |  1.5

Action                   || total
-------------------------++-------
Melee: Mace              ||   150
  Eat: Chunk             ||     1
Armor: Animal skin       ||    39
       Leather armour    ||    81
Dodge: Dodged            ||   145

Table legend:
 A = Spawn XP
 B = Non-spawn XP
 C = Spawn XP percentage of total XP
 D = Spawn monster count
 E = Non-spawn monster count
 F = Spawn count percentage of total count
 G = Total turns spent on level
                    A         B        C        D         E        F      G
               +---------+---------+-------+---------+---------+-------+---------
         Total |       0 |      81 |   0.0 |       0 |      38 |   0.0 |  1334
               +---------+---------+-------+---------+---------+-------+---------
           D:1 |       0 |      42 |   0.0 |       0 |      25 |   0.0 |  1069
           D:2 |       0 |      39 |   0.0 |       0 |      13 |   0.0 |   265
               +---------+---------+-------+---------+---------+-------+---------
